Map: Crimson Research Lab LE

Players

Svinorez

  • Race: Protoss Protoss
  • League: Gold
  • Spawn Location: 5:00

Turbo

  • Race: Protoss Protoss
  • Spawn Location: 5:00

Ekelpack

  • Race: Zerg Zerg
  • Spawn Location: 11:00

Nyck

  • Race: Terran Terran
  • Spawn Location: 11:00

VOD

Have the link to the VOD?

Description

Time

  • Played on: Feb. 25, 2025, 1:06 p.m.
  • Length: 14:18
Show
View Real Time Build Order
Export as new Build Order

Svinorez Protoss 

Build Orders: 1 Gate Expand, Carriers 

Get SALT Encoding   

  12  0:02  Probe  
  13  0:14  Probe  
  13  0:17  Pylon  
  14  0:25  Probe  
  15  0:33  Probe  
  15  0:39  Gateway  
  15  0:41  Probe  
  17  0:52  Probe  
  18  1:04  Probe  
  19  1:17  Probe  
  20  1:21  Nexus  
  20  1:29  Cybernetics Core  
  20  1:32  Assimilator  
  20  1:35  Probe  
  20  1:39  Assimilator  
  21  1:47  Probe  
  22  1:48  Pylon  
  22  1:58  Adept  
  22  1:59  Probe  
  25  2:11  Probe  
  25  2:15  Warp Gate  
  26  2:21  Pylon  
  26  2:23  Probe  
  27  2:30  Forge  
  27  2:33  Probe  
  27  2:35  Probe  
  29  2:39  Adept  
  29  2:42  Shield Battery  
  29  2:45  Probe  
  29  2:50  Probe  
  33  2:59  Assimilator  
  33  3:00  Probe  
  33  3:03  Probe  
  35  3:09  Photon Cannon  
  35  3:12  Probe  
  36  3:16  Probe  
  37  3:24  Probe  
  38  3:28  Probe  
  38  3:33  Photon Cannon  
  39  3:36  Probe  
  39  3:40  Probe  
  41  3:47  Stargate  
  41  3:48  Probe  
  42  3:49  Stargate  
  42  3:52  Probe  
  42  3:54  Assimilator  
  43  4:00  Probe, Pylon  
  44  4:04  Probe, Photon Cannon  
  45  4:31  Probe x2  
  45  4:32  Protoss Air Weapons Level 1  
  47  4:44  Probe x2  
  49  4:48  Nexus  
  49  4:49  Pylon  
  49  4:50  Phoenix x2  
  53  4:56  Fleet Beacon  
  53  4:57  Probe x2  
  55  5:11  Photon Cannon  
  55  5:13  Probe x2  
  57  5:14  Photon Cannon  
  57  5:17  Phoenix  
  57  5:20  Phoenix  
  61  5:25  Probe  
  61  5:26  Probe  
  63  5:40  Shield Battery, Anion Pulse-Crystals, Probe  
  63  5:41  Probe  
  63  5:42  Pylon  
  65  5:45  Phoenix  
  65  5:46  Phoenix  
  69  5:58  Probe  
  69  5:59  Probe, Stargate  
  69  6:00  Probe  
  69  6:04  Pylon  
  72  6:10  Probe  
  73  6:11  Probe  
  73  6:12  Phoenix  
  73  6:13  Phoenix  
  78  6:21  Probe  
  78  6:22  Probe  
  80  6:29  Assimilator  
  80  6:31  Photon Cannon  
  80  6:32  Photon Cannon  
  80  6:37  Phoenix x2  
  84  6:42  Probe x3  
  84  6:45  Assimilator  
  87  6:54  Probe x3  
  90  7:06  Probe x2  
  83  7:50  Phoenix x2  
  87  8:09  Probe x3  
  90  8:15  Carrier  
  96  8:21  Probe x3  
  99  8:33  Probe  
  98  9:11  Probe x3  
  98  9:16  Pylon  
  101  9:19  Pylon  
  101  9:20  Pylon  
  101  9:35  Carrier  
  101  9:38  Mothership, Carrier  
  121  9:50  Nexus  
  121  9:52  Pylon  
  121  9:53  Pylon  
  121  9:57  Pylon  
  119  10:33  Probe x2, Photon Cannon  
  119  10:34  Assimilator  
  119  10:35  Photon Cannon  
  121  10:37  Photon Cannon  
  121  10:40  Photon Cannon  
  121  10:42  Photon Cannon  
  127  10:43  Assimilator, Carrier, Photon Cannon  
  127  10:45  Probe  
  127  10:46  Probe  
  127  10:47  Photon Cannon  
  129  10:50  Stargate  
  129  10:53  Carrier x2  
  129  10:56  Stargate  
  141  11:16  Protoss Air Weapons Level 2  
  135  11:42  Probe x2  
  135  11:43  Probe x2  
  145  11:47  Carrier  
  145  11:50  Nexus, Carrier x2  
  145  11:52  Pylon  
  145  11:53  Protoss Shields Level 1  
  157  11:54  Probe  
  157  11:55  Pylon  
  157  11:57  Carrier  
  157  12:01  Assimilator  
  164  12:04  Assimilator  
  164  12:05  Pylon  
  164  12:10  Carrier  
  164  12:11  Pylon  
  164  12:13  Pylon, Photon Cannon  
  164  12:14  Photon Cannon  
  170  12:16  Photon Cannon  
  170  12:18  Photon Cannon  
  170  12:20  Photon Cannon  
  170  12:22  Photon Cannon x2  
  170  12:24  Photon Cannon  
  170  12:25  Photon Cannon  
  170  12:27  Probe x2, Photon Cannon  
  170  12:29  Photon Cannon  
  172  12:31  Photon Cannon  
  172  12:38  Pylon  
  172  12:41  Stargate  
  172  12:51  Carrier, Pylon  
  178  12:54  Carrier x2  
  186  13:01  Carrier  
  192  13:09  Pylon  
  192  13:11  Photon Cannon  
  192  13:14  Carrier  
  192  13:15  Photon Cannon  
  192  13:16  Photon Cannon  
  198  13:26  Nexus  
  198  13:27  Stargate  
  198  13:28  Pylon  
  198  13:29  Twilight Council  
  198  13:30  Pylon  
  198  13:33  Stargate  
Show
View Real Time Build Order
Export as new Build Order

Turbo Protoss 

Build Orders: Zealot Archon, Dark Templar Rush 

Get SALT Encoding   

  12  0:00  Probe  
  13  0:12  Probe  
  14  0:18  Pylon  
  14  0:24  Probe  
  15  0:33  Probe  
  15  0:41  Gateway, Probe  
  17  0:51  Assimilator  
  17  0:52  Probe  
  18  1:00  Assimilator  
  18  1:06  Probe  
  19  1:14  Probe  
  20  1:22  Probe  
  20  1:30  Cybernetics Core  
  21  1:34  Probe  
  21  1:39  Pylon  
  22  1:46  Probe  
  23  1:58  Probe  
  24  2:04  Stalker  
  24  2:06  Warp Gate  
  24  2:08  Twilight Council  
  24  2:11  Probe  
  27  2:23  Probe  
  27  2:27  Pylon  
  28  2:35  Probe  
  29  2:45  Dark Shrine  
  29  2:47  Probe  
  30  2:59  Probe  
  31  3:11  Probe  
  32  3:17  Nexus  
  32  3:23  Probe  
  33  3:31  Gateway  
  33  3:35  Probe  
  33  3:40  Pylon  
  34  3:48  Shadow Stride  
  34  3:49  Robotics Facility  
  34  3:55  Probe  
  34  3:59  Dark Templar  
  37  4:09  Probe  
  38  4:30  Dark Templar  
  40  4:32  Probe x2  
  40  4:33  Assimilator  
  40  4:36  Dark Templar  
  42  4:42  Assimilator  
  42  4:44  Probe  
  43  4:47  Pylon  
  41  4:59  Probe  
  42  5:00  Observer  
  43  5:08  Robotics Bay  
  43  5:12  Dark Templar  
  45  5:16  Probe x2  
  47  5:25  Charge  
  47  5:28  Probe x2  
  49  5:29  Forge  
  49  5:30  Dark Templar  
  51  5:40  Probe x2  
  53  5:52  Probe x2  
  55  6:04  Probe x2  
  56  6:19  Dark Templar x2  
  56  6:25  Pylon  
  60  6:26  Pylon  
  60  6:27  Pylon  
  60  6:28  Archon  
  60  6:31  Protoss Ground Weapons Level 1  
  60  6:35  Photon Cannon  
  60  6:39  Pylon  
  60  6:41  Extended Thermal Lance  
  60  6:42  Colossus  
  60  6:46  Archon  
  66  6:50  Photon Cannon  
  66  6:52  Photon Cannon  
  66  6:53  Zealot x2  
  70  7:13  Gateway  
  70  7:15  Gateway  
  57  7:34  Probe  
  57  7:36  Probe  
  59  7:42  Dark Templar x2  
  63  7:46  Probe  
  63  7:48  Archon, Probe  
  65  7:55  Nexus  
  65  7:58  Probe  
  65  8:05  Pylon  
  66  8:11  Probe  
  67  8:34  Nexus  
  67  8:35  Colossus  
  67  8:37  Pylon  
  67  8:39  Probe x2  
  67  8:40  Dark Templar x3  
  81  8:51  Probe x2  
  81  9:13  Zealot x3  
  81  9:14  Archon  
  85  9:37  Dark Templar x3  
  79  9:39  Colossus  
  79  9:43  Probe x2  
  79  9:44  Probe  
  88  9:47  Assimilator  
  88  9:49  Assimilator  
  88  9:52  Probe  
  89  9:55  Probe x2, Pylon  
  89  9:56  Probe  
  89  9:58  Archon  
  89  9:59  Archon  
  92  10:03  Protoss Ground Armor Level 1  
  92  10:04  Probe  
  93  10:07  Probe  
  93  10:08  Probe  
  95  10:14  Gateway  
  95  10:16  Probe  
  95  10:19  Probe  
  95  10:20  Probe x2  
  99  10:28  Probe  
  100  10:29  Sentry  
  100  10:30  Assimilator  
  100  10:31  Probe  
  100  10:32  Stalker, Probe x2  
  100  10:33  Colossus  
  100  10:35  Assimilator  
  113  10:40  Probe  
  114  10:43  Probe  
  114  10:44  Probe x2  
  117  10:52  Probe  
  117  10:56  Zealot x4  
  126  11:04  Probe  
  126  11:05  Gateway  
  126  11:06  Gateway  
  126  11:08  Gateway  
  99  11:27  Colossus  
  105  11:34  Dark Templar x5  
  115  11:42  Gateway x2  
  115  11:44  Gateway  
  115  11:45  Archon x2  
  115  11:49  Probe x2  
  115  11:50  Robotics Facility, Probe  
  115  11:52  Nexus  
  118  12:02  Probe  
  118  12:05  Templar Archives  
  118  12:07  Zealot x6  
  131  12:14  Probe  
  132  12:16  Nexus  
  132  12:18  Pylon  
  132  12:37  Forge  
  132  12:48  Photon Cannon  
  132  12:49  Photon Cannon  
  132  12:50  Photon Cannon x2  
  132  12:52  Photon Cannon  
  132  12:53  Photon Cannon  
  132  12:54  Shield Battery  
  132  12:56  Pylon  
  132  13:23  Dark Templar x2  
  132  13:24  Dark Templar x7  
  132  13:25  Pylon  
  150  13:31  Archon x3  
  150  13:33  Archon  
  150  13:34  Archon  
  150  13:41  Pylon  
  150  13:45  Photon Cannon  
  150  13:47  Photon Cannon  
  150  13:49  Photon Cannon  
  150  13:50  Shield Battery  
Show
View Real Time Build Order
Export as new Build Order

Ekelpack Zerg 

Build Orders: Hatch First 

Get SALT Encoding   

  12  0:00  Drone  
  13  0:12  Overlord  
  13  0:17  Drone  
  14  0:31  Drone x2  
  16  0:37  Drone  
  17  0:45  Drone  
  18  0:57  Extractor  
  18  0:59  Drone  
  18  1:00  Hatchery  
  17  1:08  Drone  
  18  1:17  Spawning Pool  
  17  1:33  Drone x2  
  19  1:41  Drone  
  20  2:05  Queen  
  22  2:11  Overlord  
  22  2:12  Queen  
  22  2:14  Drone  
  25  2:15  Drone  
  25  2:16  Drone  
  25  2:18  Metabolic Boost  
  27  2:24  Drone  
  28  2:32  Drone  
  28  2:34  Drone  
  30  2:38  Drone  
  30  2:40  Extractor  
  30  2:47  Drone  
  31  2:53  Lair  
  31  2:55  Drone x2  
  31  2:57  Drone  
  34  3:08  Drone  
  34  3:09  Overlord  
  35  3:17  Drone  
  36  3:21  Overlord  
  36  3:25  Extractor  
  35  3:29  Zergling x6  
  35  3:33  Drone x3  
  41  3:42  Drone  
  41  3:44  Overlord  
  42  3:54  Drone, Spire  
  42  3:56  Drone  
  42  3:57  Zergling x2  
  42  3:58  Zergling x4  
  42  4:02  Extractor  
  45  4:19  Overlord  
  43  4:29  Zergling x10  
  43  4:30  Zergling x6  
  50  4:35  Overseer x3  
  50  4:47  Drone  
  51  4:57  Drone  
  52  5:03  Drone x3  
  52  5:07  Zerg Flyer Weapons Level 1, Mutalisk x4  
  63  5:28  Overlord x2  
  63  5:29  Mutalisk x2  
  67  5:44  Queen  
  67  5:45  Hatchery  
  67  5:48  Mutalisk x3  
  67  5:49  Mutalisk x3  
  80  6:06  Pneumatized Carapace  
  80  6:31  Mutalisk x2  
  80  6:32  Hatchery, Overlord x3  
  83  7:01  Zerg Flyer Armor Level 1  
  59  8:01  Drone x3, Overlord  
  59  8:02  Drone x2, Overlord x3  
  59  8:03  Drone x6  
  59  8:04  Drone x5  
  73  8:11  Hydralisk Den, Infestation Pit  
  73  8:12  Evolution Chamber  
  70  8:14  Evolution Chamber  
  71  8:22  Zergling x6  
  71  8:23  Zergling x6  
  56  8:53  Overseer x2  
  25  9:10  Grooved Spines  
  25  9:12  Mutalisk x2  
  25  9:15  Hydralisk  
  29  9:29  Spore Crawler  
  28  9:36  Hatchery, Extractor  
  28  9:37  Extractor  
  25  9:44  Hydralisk x2  
  29  9:46  Queen  
  31  9:55  Hydralisk  
  31  9:58  Zerg Ground Armor Level 1, Zerg Missile Weapons Level 1  
  31  10:26  Hydralisk x2  
  31  10:27  Hydralisk  
  37  10:49  Hatchery, Queen, Drone  
  36  11:28  Hydralisk x3  
  36  11:29  Hydralisk x2  
  36  11:32  Drone x3  
  47  11:44  Drone  
  48  11:55  Zerg Missile Weapons Level 2  
  48  11:56  Zerg Ground Armor Level 2  
  48  12:02  Hatchery  
  47  12:08  Drone  
  47  12:09  Drone  
  49  12:25  Muscular Augments  
  49  12:26  Hydralisk  
  49  12:27  Hydralisk x2  
  55  12:39  Hydralisk x2  
  59  12:48  Hydralisk x2  
  64  13:04  Hatchery  
  63  13:27  Drone x4  
  67  13:36  Overlord  
Show
View Real Time Build Order
Export as new Build Order

Nyck Terran 

Build Orders:  

Get SALT Encoding   

  12  0:00  SCV  
  13  0:12  SCV  
  14  0:18  Supply Depot  
  14  0:24  SCV  
  15  0:40  SCV, Barracks  
  16  0:52  SCV  
  17  1:01  Refinery  
  17  1:03  Refinery  
  17  1:04  SCV  
  18  1:28  Orbital Command  
  18  1:43  Reaper  
  19  1:47  Barracks  
  19  1:51  Barracks  
  19  1:55  SCV  
  20  2:15  Supply Depot, SCV  
  21  2:20  Barracks Tech Lab  
  21  2:27  SCV  
  22  2:35  Barracks Reactor  
  22  2:40  Engineering Bay  
  22  2:43  Command Center  
  22  2:45  SCV  
  22  2:47  Barracks Reactor  
  23  2:57  Combat Shield  
  23  3:04  SCV  
  24  3:10  Missile Turret  
  24  3:13  Terran Infantry Weapons Level 1  
  24  3:15  Marine  
  24  3:16  Marine  
  26  3:20  Marine  
  26  3:24  SCV  
  26  3:25  Marine  
  29  3:34  Supply Depot  
  29  3:36  SCV, Marine  
  31  3:54  Marine x2  
  33  3:57  Orbital Command, Refinery  
  33  3:59  SCV  
  34  4:08  Marine x2  
  36  4:16  SCV, Stimpack  
  35  4:24  Missile Turret  
  32  4:41  SCV x2  
  32  4:42  Missile Turret  
  32  4:43  Marine  
  32  4:45  Marine  
  36  4:53  SCV x2  
  38  5:05  SCV x2  
  40  5:09  Factory  
  40  5:10  Marine x3  
  40  5:11  Marine  
  44  5:25  SCV  
  44  5:26  SCV  
  46  5:35  Refinery  
  46  5:36  Marine x4  
  46  5:37  SCV, Marine  
  46  5:38  SCV  
  46  5:39  Terran Infantry Armor Level 1  
  53  5:50  Supply Depot, SCV  
  53  5:56  Starport  
  54  6:12  SCV x2  
  54  6:13  Marine x4  
  60  6:24  SCV x2  
  60  6:25  Concussive Shells  
  62  6:27  Factory Reactor  
  62  6:32  Armory  
  62  6:57  Missile Turret  
  62  6:59  Command Center  
  62  7:19  Marine  
  62  7:20  Marauder  
  62  7:21  SCV, Marine  
  62  7:22  Marine x2  
  62  7:53  Factory Reactor  
  62  7:56  Starport  
  62  7:58  Terran Infantry Weapons Level 2  
  62  8:00  SCV x2, Marine x2, Viking x2  
  62  8:03  Supply Depot  
  70  8:07  Terran Vehicle And Ship Armor Level 1  
  70  8:11  Marine x2, Marauder  
  70  8:12  SCV  
  75  8:19  Orbital Command  
  75  8:26  Supply Depot  
  75  8:35  SCV  
  75  8:36  SCV  
  71  8:49  Supply Depot  
  71  8:50  Viking  
  71  8:51  Starport Reactor, Viking  
  71  8:54  SCV x2  
  75  9:06  Marine x5  
  74  9:35  Marine  
  74  9:36  Marine x4  
  75  9:47  Viking x4  
  75  9:52  SCV x2  
  83  10:07  Marine x2  
  83  10:08  Orbital Command, Marine x3  
  88  10:24  Viking x3  
  93  10:30  Marine x2  
  95  10:36  SCV  
  96  10:48  SCV x3, Marine  
  96  10:49  Marine x4  
  104  10:50  Viking  
  104  10:54  Terran Infantry Weapons Level 3  
  104  10:56  Terran Vehicle And Ship Armor Level 2  
  106  11:00  SCV x2  
  108  11:04  Supply Depot  
  94  11:29  Marine  
  94  11:30  Marine x3  
  94  11:31  Marine  
  99  11:33  Medivac x2  
  99  11:34  Medivac x2  
  99  11:35  SCV x2  
  99  11:36  SCV  
  110  11:41  Refinery  
  110  11:47  SCV  
  110  11:48  SCV x2  
  110  11:53  Marine x4  
  117  11:59  Supply Depot  
  117  12:03  Supply Depot  
  117  12:08  Refinery  
  117  12:20  SCV, Marine x3, Viking x2  
  117  12:22  Supply Depot  
  125  12:24  Marine x2  
  125  12:25  SCV x2, Viking x2  
  133  12:37  Command Center  
  133  12:44  SCV x2  
  135  12:48  Command Center  
  135  12:50  Viking  
  137  13:11  Marine  
  137  13:15  SCV x2  
  137  13:16  SCV  
  137  13:17  Marine  
  141  13:23  Supply Depot  
  141  13:24  Marine x3, Viking x2  
  148  13:27  SCV  
  148  13:29  Viking x2  
  148  13:31  SCV x2  
  155  13:44  SCV x3  
  155  13:47  Marine x4  
  155  13:48  Marine  
  163  13:56  Barracks  
  163  14:01  Refinery  
Tags
 
Add a new tag
Caveats
  • Supply blocks, unpowered buildings, or Contaminate may cause inaccurate times.
  • Supply counts are checked every 10 seconds.